 Dungeon Crawl Stone Soup version 0.25.1-8-g42b30a86e7 (webtiles) character file.

Game seed: 7772848380369417750

3952 radhat240 the Cleaver (level 10, -3/86 HPs)
             Began as a Hill Orc Fighter on Dec 15, 2020.
             Was a Believer of Beogh.
             Killed by divine providence
             ... invoked by a meliai
              (10 damage)
             ... on level 8 of the Dungeon.
             The game lasted 00:29:55 (8784 turns).

radhat240 the Cleaver (Hill Orc Fighter)            Turns: 8784, Time: 00:29:55

Health: -3/86      AC: 12    Str: 23    XL:     10   Next: 21%
Magic:  10/10      EV: 14    Int:  8    God:    Beogh [**....]
Gold:   416        SH: 12    Dex: 10    Spells: 9/9 levels left

rFire    . . .     SeeInvis .   a - +0 war axe
rCold    . . .     Gourm    .   c - +1 kite shield
rNeg     . . .     Faith    .   b - +0 scale mail
rPois    .         Spirit   .   h - +2 helmet
rElec    .         Reflect  .   (no cloak)
rCorr    .         Harm     .   u - +0 pair of gloves
MR       .....                  (no boots)
Stlth    ..........             (no amulet)
HPRegen  0.24/turn              e - +4 ring of evasion
MPRegen  0.12/turn              (no ring)

@: no status effects
A: blink, MP-powered wands
a: Blink, Smiting, Renounce Religion


You were on level 8 of the Dungeon.
You worshipped Beogh.
Beogh was pleased with you.
You were not hungry.

You visited 1 branch of the dungeon, and saw 8 of its levels.

You collected 416 gold pieces.

Inventory:

Hand Weapons
 a - a +0 war axe (weapon)
Armour
 b - a +0 scale mail (worn)
 c - a +1 kite shield (worn)
 h - a +2 helmet (worn)
 u - a +0 pair of gloves (worn)
Jewellery
 e - a +4 ring of evasion (left hand)
 i - an uncursed ring of attention
 r - an uncursed amulet of guardian spirit {unknown}
Wands
 d - a wand of random effects (20)
 k - a wand of digging (3)
 p - a wand of iceblast (6)
 x - a wand of flame (12)
Scrolls
 g - 3 scrolls of immolation
 j - 4 scrolls of remove curse
 m - a scroll of teleportation
 o - 3 scrolls of enchant weapon
 q - a scroll of fog
 w - 3 scrolls of enchant armour
Potions
 l - 2 potions of flight
 n - 3 potions of brilliance
 s - 15 potions of degeneration
 t - 2 potions of cancellation
 v - a potion of curing
Comestibles
 f - 14 rations


   Skills:
 + Level 7.0 Fighting
 + Level 11.7 Axes
 + Level 8.0 Armour
 + Level 3.7 Dodging
 + Level 0.8 Stealth
 + Level 7.3 Shields


You had 9 spell levels left.
You didn't know any spells.
Your spell library was empty.

Dungeon Overview and Level Annotations

Branches:
Dungeon (8/15)             Temple (0/1) D:7
   Lair: D:8-11

Altars:
Dithmenos
Kikubaaqudgha
Makhleb
Okawaru
Ru
Uskayaw
Yredelemnul


Innate Abilities, Weirdness & Mutations

You can translocate small distances at will.
You expend magic power (3 MP) to strengthen your wands.


Message History

The two-headed ogre is severely wounded.
You hit the howler monkey. You slash the howler monkey!
The two-headed ogre hits you with a +0 giant club.
* * * LOW HITPOINT WARNING * * *
You block the two-headed ogre's attack. The howler monkey barely misses you.
You blink.
You feel slightly more hungry.
The meliai invokes the aid of its god against you.
Something smites you!
* * * LOW HITPOINT WARNING * * *
You block the phantom's attack. You block the meliai's attack.
The meliai misses you.
The howler monkey hoots and howls with incredible vigour!
You hear a shout!
You blink.
You feel slightly more hungry.
Okay, then.
You feel better. The phantom misses you.
You blink.
You feel slightly more hungry.
The meliai calls down the wrath of its god upon you.
Something smites you!
You die...

#..# ##.# #.######
##.....# . ##
#...### #.. #..
##..# ...#
#..#######..#
....#
#...#h....##.....#
#Oh@h.###>.'.....#
###y..###
#.##.....# #.W####
#.# +#### #ยง.#
### ###...# ###


You could see a two-headed ogre, a phantom, a meliai and 3 howler monkeys.

Vanquished Creatures
  Psyche (D:8)
  A troll (D:7)
  4 hogs (D:7)
  A human (D:7)
  A sky beast (D:7)
  3 phantoms
  An orc warrior (D:7)
  2 ogres
  2 centaurs
  Blork the orc (D:5)
  5 bullfrogs
  2 scorpions
  A wyvern skeleton (D:7)
  6 killer bees (D:7)
  2 howler monkeys
  3 crimson imps
  A bullfrog zombie (D:5)
  Crazy Yiuf (D:6)
  3 jellies
  2 orc priests
  3 hounds
  4 orc wizards
  A centaur skeleton (D:6)
  2 iguanas (D:6)
  7 worker ants
  2 hound zombies (D:6)
  7 gnolls
  6 adders
  7 shadow imps
  An ooze (D:5)
  An adder skeleton (D:7)
  4 worms
  3 dart slugs
  4 leopard geckos
  30 orcs
  4 giant cockroaches
  6 goblins
  11 hobgoblins
  4 jackals (D:2)
  A quokka (D:3)
  A ball python (D:1)
  2 bats
  3 frilled lizards
  A giant cockroach zombie (D:5)
  6 kobolds
  A leopard gecko skeleton (D:4)
  A quokka skeleton (D:6)
  12 rats
  A bush (D:3)
  A plant (D:3)
180 creatures vanquished.

Notes
Turn   | Place    | Note
-------+----------+-------------------------------------------
     0 | D:1      | radhat240 the Hill Orc Fighter began the quest for the Orb.
     0 | D:1      | Reached XP level 1. HP: 19/19 MP: 1/1
    97 | D:1      | Reached XP level 2. HP: 27/27 MP: 2/2
   621 | D:1      | Reached XP level 3. HP: 33/33 MP: 3/3
   862 | D:2      | Reached skill level 3 in Axes
  1421 | D:2      | Found an iron altar of Okawaru.
  1480 | D:2      | Reached XP level 4. HP: 35/40 MP: 4/4
  1718 | D:2      | Noticed a centaur
  1727 | D:2      | Killed a centaur
  1727 | D:2      | Reached skill level 4 in Axes
  1727 | D:2      | Reached XP level 5. HP: 16/46 MP: 5/5
  2296 | D:3      | Found an ancient bone altar of Kikubaaqudgha.
  2298 | D:3      | Found a basalt altar of Yredelemnul.
  2310 | D:3      | Found a hide-covered altar of Uskayaw.
  2630 | D:3      | HP: 2/47 [orc wizard/magic dart (2)]
  2633 | D:3      | Reached skill level 5 in Axes
  2633 | D:3      | Reached skill level 1 in Dodging
  2633 | D:3      | Reached XP level 6. HP: 9/53 MP: 6/6
  2637 | D:3      | HP: 1/53 [gnoll/+0 halberd (5)]
  3141 | D:3      | Gained mutation: You expend magic power (3 MP) to
                  | strengthen your wands. [potion of mutation]
  3141 | D:3      | Gained mutation: You can translocate small distances at
                  | will. [potion of mutation]
  3708 | D:4      | Reached skill level 6 in Axes
  4094 | D:4      | Noticed a phantom
  4162 | D:4      | Killed a phantom
  4162 | D:4      | Reached XP level 7. HP: 37/60 MP: 7/7
  4266 | D:4      | Became a worshipper of Beogh the Brigand
  4370 | D:5      | Entered Level 5 of the Dungeon
  4435 | D:5      | Reached skill level 7 in Axes
  4467 | D:5      | Noticed Blork the orc
  4482 | D:5      | Killed Blork the orc
  4482 | D:5      | Reached skill level 5 in Fighting
  4482 | D:5      | Reached skill level 5 in Shields
  4773 | D:5      | Found a shadowy altar of Dithmenos.
  4803 | D:5      | Found a burning altar of Makhleb.
  4815 | D:5      | Reached XP level 8. HP: 17/68 MP: 8/8
  5070 | D:5      | Found a basalt altar of Yredelemnul.
  5099 | D:5      | Reached skill level 8 in Axes
  5323 | D:6      | Reached skill level 5 in Armour
  5617 | D:6      | Reached * piety under Beogh
  5792 | D:6      | Reached skill level 9 in Axes
  5892 | D:6      | Found a runed translucent door.
  5893 | D:6      | Noticed Crazy Yiuf
  5900 | D:6      | Killed Crazy Yiuf
  6316 | D:7      | Reached XP level 9. HP: 11/75 MP: 9/9
  6327 | D:7      | Reached skill level 10 in Axes
  6655 | D:7      | Found a staircase to the Ecumenical Temple.
  7144 | D:7      | Found a sacrificial altar of Ru.
  7179 | D:7      | Noticed a troll
  7199 | D:7      | Killed a troll
  7737 | D:7      | Reached ** piety under Beogh
  7743 | D:7      | Reached skill level 11 in Axes
  7749 | D:7      | Reached XP level 10. HP: 33/84 MP: 10/10
  8546 | D:8      | Noticed Psyche
  8558 | D:8      | Killed Psyche
  8771 | D:8      | Noticed a two-headed ogre
  8784 | D:8      | Killed from afar by a meliai

Illustrated notes

Levels and vault maps discovered:
D:1:      kennysheep_arrival_seaside, layout_basic, serial_bayou_lake_a
D:2:      minmay_alternating_diamond, layout_basic,
          nicolae_overflow_crystal_walls, hex_large
D:3:      layout_basic, gammafunk_temple_overflow_forgotten, dk_noncrumbling_2
D:4:      layout_basic
D:5:      layout_cave_pools, lemuel_round_altar, grunt_dithmenos_smoke,
          first_ration, yredelemnul_altar_generic, uniq_blork_the_orc
D:6:      layout_loops_ring, uniq_crazy_yiuf_cottage
D:7:      layout_cave_pods, lemuel_crystal_altar, temple_pool_b, grunt_livestock
D:8:      minmay_blocky_corners, layout_basic, old_standard_altar,
          enter_bailey_7, uniq_maggie, uniq_pikel, uniq_psyche

Skill      XL: |  1  2  3  4  5  6  7  8  9 10 |
---------------+-------------------------------+-----
Fighting       | 4 5 6 7 |  7.0
Axes           | 3 4 5 6 7 9 11 | 11.7
Shields        | 4 5 7 |  7.3
Armour         | 4 5 7 8 |  8.0
Dodging        | 1 3 |  3.7
Stealth        | |  0.8

Action                   |  1- 3 |  4- 6 |  7- 9 | 10-12 || total
-------------------------+-------+-------+-------+-------++-------
Melee: War axe           |   130 |   219 |   368 |    47 ||   764
Invok: Convert to Beogh  |       |       |     1 |       ||     1
 Abil: Blink             |       |       |       |     3 ||     3
  Use: Potion            |     1 |     5 |     6 |     1 ||    13
       Scroll            |     1 |     7 |     4 |       ||    12
  Eat: Chunk             |     2 |     9 |       |       ||    11
       Ration            |       |       |     4 |     1 ||     5
Armor: Scale mail        |    40 |    55 |   124 |    11 ||   230
Dodge: Dodged            |    70 |    74 |   212 |    21 ||   377
Block: Kite shield       |    64 |    86 |   230 |    40 ||   420
